 Dungeon Crawl Stone Soup version 0.21-a0-201-g8501b10 (webtiles) character file.

142 Ijustatesigmund the Cudgeler (level 5, -2/37 HPs)
             Began as an Octopode Fighter on Aug 17, 2017.
             Slain by a kobold
             ... wielding a +0 club
              (4 damage)
             ... on level 3 of the Dungeon.
             The game lasted 00:04:27 (1971 turns).

Ijustatesigmund the Cudgeler (Octopode Fighter)     Turns: 1971, Time: 00:04:28

Health: -2/37      AC:  1    Str: 16    XL:     5   Next: 24%
Magic:  5/5        EV: 11    Int: 10    God:
Gold:   119        SH:  8    Dex: 12    Spells: 4/4 levels left

rFire    . . .     SeeInvis .   a - +1 flail
rCold    . . .     Gourm    .   b - +0 shield
rNeg     . . .     Faith    .   (helmet restricted)
rPois    .         Spirit   .   (no amulet)
rElec    .         Reflect  .   (no ring)
rCorr    .         Harm     .   (no ring)
MR       .....                  (no ring)
Stlth    ++........             (no ring)
HPRegen  0.12/turn              (no ring)
MPRegen  0.09/turn              (no ring)
                                (no ring)
                                (no ring)

@: no status effects
A: almost no armour, stealthy swim, amphibious, 8 rings, constrict 8, camouflage
1, gelatinous body 1
a: no special abilities


You were on level 3 of the Dungeon.
You were not hungry.

You visited 1 branch of the dungeon, and saw 3 of its levels.

You collected 119 gold pieces.

Inventory:

Hand Weapons
 a - a +1 flail (weapon)
Armour
 b - a +0 shield (worn)
Wands
 h - a wand of digging (8/24)
Scrolls
 i - a scroll of remove curse
 o - 3 scrolls of identify
Potions
 c - a potion of might
 e - a potion of resistance
 f - 2 potions of agility
 g - a potion of brilliance
 k - a potion of heal wounds
 m - 2 potions of flight
Comestibles
 d - 2 bread rations
 j - 2 fruits
 n - a royal jelly


   Skills:
 + Level 3.8 Fighting
 * Level 4.6 Maces & Flails
 - Level 3.0 Dodging
 - Level 3.0 Shields


You had 4 spell levels left.
You didn't know any spells.

Dungeon Overview and Level Annotations

Branches:
Dungeon (3/15)

Altars:


Innate Abilities, Weirdness & Mutations

You cannot wear most types of armour.
You are very stealthy in the water. (Stealth+)
You are amphibious.
You can wear up to eight rings at the same time.
You can use your tentacles to constrict eight enemies at once.
Your skin changes colour to match your surroundings (Stealth+).
Your rubbery body absorbs attacks. (AC +1, EV +1)


Message History

A kobold comes into view. It is wielding a club.
You thump the gnoll!
You kill the gnoll!
The gnoll barely misses you. You block the gnoll's attack.
Things that are here:
a halberd; a gnoll corpse You hit the gnoll but do no damage.
Your grab misses the gnoll. You block the gnoll's attack.
You hit the gnoll. Your grab misses the gnoll.
The gnoll is moderately wounded.
The gnoll hits you with a halberd.
* * * LOW HITPOINT WARNING * * *
You block the kobold's attack.
Your shield prevents you from hitting the gnoll.
You grab the gnoll. You squeeze the gnoll!
You kill the gnoll!
You block the kobold's attack. The kobold hits you with a club.
You die...

..####
.....### .#
...#...# #
.# #
...#.#<##>#
.. ..
.###......#
###. ... #
#.#.#### #..
..# ####.#.#
# #.# ..
.....#.#
#?####K#.#.#
#.####.#
#...))@....#
#.# #.#
######.#.#$#
#.####.#
<...#
.........
..#..#
.......##
##. >##
.####### ##
## .# .#
.##########


You could see a kobold.

Vanquished Creatures
  7 gnolls
  3 adders
  An ooze (D:2)
  A worm (D:2)
  A leopard gecko (D:2)
  4 bats
  A giant cockroach (D:1)
  7 goblins
  4 hobgoblins
  3 kobolds (D:2)
  9 frilled lizards
  6 rats
47 creatures vanquished.

Notes
Turn   | Place    | Note
-------+----------+-------------------------------------------
     0 | D:1      | Ijustatesigmund the Octopode Fighter began the quest for the Orb.
     0 | D:1      | Reached XP level 1. HP: 16/16 MP: 1/1
   169 | D:1      | Reached XP level 2. HP: 20/21 MP: 2/2
   762 | D:2      | Reached skill level 3 in Maces & Flails
   762 | D:2      | Reached XP level 3. HP: 26/26 MP: 3/3
  1192 | D:2      | Reached XP level 4. HP: 21/31 MP: 4/4
  1209 | D:2      | Reached skill level 4 in Maces & Flails
  1962 | D:3      | Reached XP level 5. HP: 21/37 MP: 5/5
  1971 | D:3      | Slain by a kobold

Vault maps used:
D:1:      dpeg_arrival_tiny_j, roderic_lattice_a, minmay_ruptured

Skill      XL: |  1  2  3  4 |
---------------+-------------+-----
Maces & Flails | 3 4 |  4.6
Fighting       | |  3.8
Dodging        | |  3.0
Shields        | |  3.0

Action                   |  1- 3 |  4- 6 || total
-------------------------+-------+-------++-------
Melee: Flail             |    40 |    38 ||    78
       Constrict         |    11 |    10 ||    21
       Tentacles         |     6 |     6 ||    12
  Use: Scroll            |     6 |     4 ||    10
 Stab: Sleeping          |     9 |     4 ||    13
  Eat: Chunk             |       |     3 ||     3
Armor: Skin              |     3 |     1 ||     4
Dodge: Dodged            |    10 |    19 ||    29
Block: Shield            |    13 |    23 ||    36
